NWL (28 & UNDER)
MENLO MANIACS @ SAN DIEGO SMASHERS
09/03/2029
 
TOP OF THE 1ST
Menlo Maniacs batting - Pitching for San Diego Smashers : RHP Alberto Reyes
Pitching: RHP Alberto Reyes
Batting: LHB Bernardo Rodríguez 0-0: SINGLE (Flyball, 7LS)
Batting: RHB Joe Smith 0-0: Ball
1-0: Ball
2-0: Ball
3-0: Called Strike
3-1: Grounds into double play, 4-6-3 (Groundball, 4D)
Batting: LHB Bob Campbell 0-0: Called Strike
0-1: Ball
1-1: Called Strike
1-2: Ground out 6-3 (Groundball, 6)
Top of the 1st over - 0 runs, 1 hit, 0 errors, 0 left on base; Menlo 0 - San Diego 0
BOTTOM OF THE 1ST
San Diego Smashers batting - Pitching for Menlo Maniacs : RHP Raúl Vallejo
Pitching: RHP Raúl Vallejo
Batting: LHB Dale Miller 0-0: Called Strike
0-1: Swinging Strike
0-2: Ball
1-2: Fly out, F6 (Line Drive, 6)
Batting: LHB Richard Brooks 0-0: Foul Ball, location: 2F
0-1: Ball
1-1: Fly out, F5 (Popup, 5F)
Batting: LHB John White 0-0: Called Strike
0-1: Called Strike
0-2: Ball
1-2: Foul Ball, location: 2F
1-2: SINGLE (Line Drive, 4D)
Batting: LHB Steven Smith 0-0: Ball
1-0: Ground out U3 (Groundball, 3)
Bottom of the 1st over - 0 runs, 1 hit, 0 errors, 1 left on base; Menlo 0 - San Diego 0
TOP OF THE 2ND
Menlo Maniacs batting - Pitching for San Diego Smashers : RHP Alberto Reyes
Batting: RHB Joe Noble 0-0: Called Strike
0-1: Ball
1-1: Ball
2-1: SINGLE (Line Drive, 89M)
Batting: RHB Gerald Miller 0-0: Ball
1-0: Foul Ball, location: 2F
1-1: Foul Ball, location: 2F
1-2: Foul Ball, location: 2F
1-2: Strikes out swinging
Batting: RHB Currito Campos 0-0: Called Strike
0-1: Ball
1-1: Ball
2-1: Swinging Strike
2-2: Strikes out swinging
Batting: LHB Ken Smith 0-0: Called Strike
0-1: Swinging Strike
0-2: Ball
1-2: Ball
2-2: Fly out, F6 (Line Drive, 6M)
Top of the 2nd over - 0 runs, 1 hit, 0 errors, 1 left on base; Menlo 0 - San Diego 0
BOTTOM OF THE 2ND
San Diego Smashers batting - Pitching for Menlo Maniacs : RHP Raúl Vallejo
Batting: RHB Gerald Davis 0-0: Called Strike
0-1: Foul Ball, location: 2F
0-2: Foul Ball, location: 2F
0-2: Ball
1-2: Fly out, F9 (Line Drive, 9)
Batting: RHB Ray Rogers 0-0: Ball
1-0: Fly out, F8 (Flyball, 78D)
Batting: SHB Michael Aisher 0-0: Ball
1-0: Foul Ball, location: 2F
1-1: Called Strike
1-2: Ball
2-2: Foul Ball, location: 2F
2-2: Ball
3-2: Foul Ball, location: 2F
3-2: Foul Ball, location: 2F
3-2: Base on Balls
Batting: LHB Nick Hill 0-0: Called Strike
0-1: Fielders Choice at 2nd, 5-4 (Groundball, 56)
Bottom of the 2nd over - 0 runs, 0 hits, 0 errors, 1 left on base; Menlo 0 - San Diego 0
TOP OF THE 3RD
Menlo Maniacs batting - Pitching for San Diego Smashers : RHP Alberto Reyes
Batting: LHB Derrek Robinson 0-0: Called Strike
0-1: Ball
1-1: Fly out, F8 (Flyball, 8RM)
Batting: RHB Ian Howard 0-0: Ball
1-0: Swinging Strike
1-1: Swinging Strike
1-2: Strikes out swinging
Batting: LHB Bernardo Rodríguez 0-0: Called Strike
0-1: Ball
1-1: Ball
2-1: Foul Ball, location: 2F
2-2: DOUBLE (Line Drive, 8LD)
Batting: RHB Joe Smith 0-0: Swinging Strike
0-1: SINGLE (Line Drive, 4MD)
Bernardo Rodríguez to third
Runner from 3rd tries for Home, throw and OUT!
Top of the 3rd over - 0 runs, 2 hits, 0 errors, 1 left on base; Menlo 0 - San Diego 0
BOTTOM OF THE 3RD
San Diego Smashers batting - Pitching for Menlo Maniacs : RHP Raúl Vallejo
Batting: LHB Roderick Delgado 0-0: Ball
1-0: Called Strike
1-1: Foul Ball, location: 2F
1-2: Ball
2-2: Strikes out swinging
Batting: LHB Dale Miller 0-0: Ball
1-0: Fly out, F7 (Flyball, 7S)
Batting: LHB Richard Brooks 0-0: Ball
1-0: Called Strike
1-1: Foul Ball, location: 2F
1-2: SINGLE (Line Drive, 9LS)
Batting: LHB John White 0-0: Swinging Strike
0-1: Ball
1-1: Ball
2-1: Swinging Strike
2-2: Foul Ball, location: 2F
2-2: Foul Ball, location: 2F
2-2: Ball
3-2: Fly out, F9 (Flyball, 9D)
Bottom of the 3rd over - 0 runs, 1 hit, 0 errors, 1 left on base; Menlo 0 - San Diego 0
TOP OF THE 4TH
Menlo Maniacs batting - Pitching for San Diego Smashers : RHP Alberto Reyes
Batting: LHB Bob Campbell 0-0: Called Strike
0-1: SOLO HOME RUN (Flyball, 89XD), Distance : 415 ft
Batting: RHB Joe Noble 0-0: Foul Ball, location: 2F
0-1: Ball
1-1: Fly out, F8 (Flyball, 8RXD)
Batting: RHB Gerald Miller 0-0: DOUBLE (Line Drive, 9LS)
Batting: RHB Currito Campos 0-0: Ball
1-0: Foul Ball, location: 2F
1-1: Foul Ball, location: 2F
1-2: Foul Ball, location: 2F
1-2: Ball
2-2: Ball
3-2: Base on Balls
Batting: LHB Ken Smith 0-0: Ball
1-0: Ball
2-0: DOUBLE (Line Drive, 89D)
Gerald Miller scores
Currito Campos to third
Batting: LHB Derrek Robinson 0-0: Foul Ball, location: 2F
0-1: Ground out 3-1 (Groundball, 34S)
Currito Campos scores
Ken Smith to third
Batting: RHB Ian Howard 0-0: Ball
Wild Pitch!
Ken Smith scores
1-0: Swinging Strike
1-1: Foul Ball, location: 2F
1-2: Strikes out swinging
Top of the 4th over - 4 runs, 3 hits, 0 errors, 0 left on base; Menlo 4 - San Diego 0
BOTTOM OF THE 4TH
San Diego Smashers batting - Pitching for Menlo Maniacs : RHP Raúl Vallejo
Batting: LHB Steven Smith 0-0: Ball
1-0: Foul Ball, location: 2F
1-1: Foul Ball, location: 2F
1-2: Ball
2-2: Strikes out swinging
Batting: RHB Gerald Davis 0-0: Ball
1-0: Called Strike
1-1: Swinging Strike
1-2: Fly out, F7 (Line Drive, 7)
Batting: RHB Ray Rogers 0-0: Fly out, F9 (Line Drive, 9)
Bottom of the 4th over - 0 runs, 0 hits, 0 errors, 0 left on base; Menlo 4 - San Diego 0
TOP OF THE 5TH
Menlo Maniacs batting - Pitching for San Diego Smashers : RHP Alberto Reyes
Batting: LHB Bernardo Rodríguez 0-0: Called Strike
0-1: Ball
1-1: Swinging Strike
1-2: Ball
2-2: Ball
3-2: Foul Ball, location: 2F
3-2: Base on Balls
Batting: RHB Joe Smith 0-0: DOUBLE (Line Drive, 78D)
Bernardo Rodríguez to third
Runner from 3rd tries for Home, SAFE, no throw
Pitching: RHP Eric Johnston
Batting: LHB Bob Campbell 0-0: Ball
1-0: Called Strike
1-1: Ball
2-1: Ball
3-1: Called Strike
3-2: SINGLE (Line Drive, 8LS)
Joe Smith to third
Runner from 3rd tries for Home, SAFE, no throw
Batting: RHB Joe Noble 0-0: Foul Ball, location: 2F
0-1: Ball
Bob Campbell is caught stealing 2nd base
1-1: Ball
2-1: Ball
3-1: Called Strike
3-2: SINGLE (Groundball, 6M) (infield hit)
Batting: RHB Gerald Miller 0-0: Called Strike
0-1: Ball
1-1: Ground out 5-3 (Groundball, 56S)
Joe Noble to second
Batting: RHB Currito Campos 0-0: Ball
1-0: Called Strike
1-1: Foul Ball, location: 2F
1-2: Ground out 5-3 (Groundball, 5)
Top of the 5th over - 2 runs, 3 hits, 0 errors, 1 left on base; Menlo 6 - San Diego 0
BOTTOM OF THE 5TH
San Diego Smashers batting - Pitching for Menlo Maniacs : RHP Raúl Vallejo
Batting: SHB Michael Aisher 0-0: Ground out 4-3 (Groundball, 34D)
Batting: LHB Nick Hill 0-0: Ball
1-0: Foul Ball, location: 2F
1-1: Foul Ball, location: 2F
1-2: Ball
2-2: Foul Ball, location: 2F
2-2: Ball
3-2: Base on Balls
Batting: LHB Roderick Delgado 0-0: SINGLE (Flyball, 78M)
Nick Hill to second
Batting: LHB Dale Miller 0-0: Called Strike
0-1: Called Strike
0-2: Strikes out swinging
Batting: LHB Richard Brooks 0-0: Ball
1-0: SINGLE (Groundball, 4MD)
Nick Hill to third
Roderick Delgado to second
Runner from 3rd tries for Home, SAFE, no throw
Batting: LHB John White 0-0: Ground out 4-3 (Groundball, 4)
Bottom of the 5th over - 1 run, 2 hits, 0 errors, 2 left on base; Menlo 6 - San Diego 1
TOP OF THE 6TH
Menlo Maniacs batting - Pitching for San Diego Smashers : RHP Eric Johnston
Batting: LHB Ken Smith 0-0: Reached on error, E3 (Groundball, 34S)
Batting: LHB Derrek Robinson 0-0: Swinging Strike
0-1: Foul Ball, location: 2F
0-2: Ball
1-2: SINGLE (Groundball, 3D)
Ken Smith to second
Ken Smith to third
Batting: RHB Ian Howard 0-0: Ball
Derrek Robinson steals 2nd base
1-0: Swinging Strike
1-1: Ball
2-1: Ball
3-1: Foul Ball, location: 2F
3-2: Foul Ball, location: 2F
3-2: Base on Balls
Batting: LHB Bernardo Rodríguez 0-0: Ball
1-0: SINGLE (Flyball, 78S)
Ken Smith scores
Derrek Robinson to third
Ian Howard to second
Runner from 3rd tries for Home, SAFE, no throw
Batting: RHB Joe Smith 0-0: Fly out, F7 (Line Drive, 7D)
Batting: LHB Bob Campbell 0-0: DOUBLE (Line Drive, 78D)
Ian Howard scores
Bernardo Rodríguez to third
Batting: RHB Joe Noble 0-0: Ball
1-0: Called Strike
1-1: Ball
2-1: Foul Ball, location: 2F
2-2: Strikes out swinging
Batting: RHB Gerald Miller 0-0: Foul Ball, location: 2F
0-1: Ball
1-1: Ball
2-1: Foul Ball, location: 2F
2-2: Ball
3-2: Fly out, F7 (Flyball, 78D)
Top of the 6th over - 3 runs, 3 hits, 1 error, 2 left on base; Menlo 9 - San Diego 1
BOTTOM OF THE 6TH
San Diego Smashers batting - Pitching for Menlo Maniacs : RHP Raúl Vallejo
Batting: LHB Steven Smith 0-0: Ball
1-0: SINGLE (Groundball, 56D)
Batting: RHB Gerald Davis 0-0: Ball
1-0: Swinging Strike
1-1: Ball
2-1: SINGLE (Groundball, 56D)
Steven Smith to second
Batting: RHB Ray Rogers 0-0: Called Strike
0-1: Ball
1-1: Ball
2-1: Grounds into double play, 3-6-1 (Groundball, 3)
Steven Smith to third
Batting: SHB Michael Aisher 0-0: Foul Ball, location: 2F
0-1: Called Strike
0-2: Strikes out swinging
Bottom of the 6th over - 0 runs, 2 hits, 0 errors, 1 left on base; Menlo 9 - San Diego 1
TOP OF THE 7TH
Menlo Maniacs batting - Pitching for San Diego Smashers : RHP Eric Johnston
Batting: RHB Currito Campos 0-0: Ground out 6-3 (Groundball, 6M)
Batting: LHB Ken Smith 0-0: Ball
1-0: Foul Ball, location: 2F
1-1: Swinging Strike
1-2: Ball
2-2: Ball
3-2: Strikes out swinging
Batting: LHB Derrek Robinson 0-0: Ball
1-0: Ball
2-0: SINGLE (Groundball, 56) (infield hit)
Batting: RHB Ian Howard 0-0: Called Strike
Derrek Robinson is caught stealing 2nd base
Top of the 7th over - 0 runs, 1 hit, 0 errors, 0 left on base; Menlo 9 - San Diego 1
BOTTOM OF THE 7TH
San Diego Smashers batting - Pitching for Menlo Maniacs : RHP Raúl Vallejo
Batting: LHB Nick Hill 0-0: Ball
1-0: Ball
2-0: Ball
3-0: Called Strike
3-1: Base on Balls
Batting: LHB Roderick Delgado 0-0: Ball
1-0: Foul Ball, location: 2F
1-1: Ball
2-1: Called Strike
2-2: Ball
Wild Pitch!
Nick Hill to second
3-2: Foul Ball, location: 2F
3-2: Base on Balls
Batting: LHB Dale Miller 0-0: Fielders Choice at 2nd, 5-4 (Groundball, 56)
Nick Hill to third
Batting: LHB Richard Brooks 0-0: Ball
1-0: Called Strike
1-1: Ball
2-1: Ball
3-1: Swinging Strike
3-2: Grounds into double play, 4-6-3 (Groundball, 4)
Bottom of the 7th over - 0 runs, 0 hits, 0 errors, 1 left on base; Menlo 9 - San Diego 1
TOP OF THE 8TH
Menlo Maniacs batting - Pitching for San Diego Smashers : RHP Eric Johnston
Batting: RHB Ian Howard 0-0: Called Strike
0-1: Ground out 5-3 (Groundball, 56)
Batting: LHB Bernardo Rodríguez 0-0: DOUBLE (Flyball, 78XD)
Pitching: LHP Nesto Pérez
Batting: RHB Joe Smith 0-0: DOUBLE (Flyball, 8RXD)
Bernardo Rodríguez scores
Batting: LHB Bob Campbell 0-0: Fly out, F8 (Flyball, 78D)
Batting: RHB Joe Noble 0-0: Ball
1-0: 2-RUN HOME RUN (Flyball, 7LD), Distance : 336 ft
Batting: RHB Gerald Miller 0-0: Ground out 4-3 (Groundball, 4)
Top of the 8th over - 3 runs, 3 hits, 0 errors, 0 left on base; Menlo 12 - San Diego 1
BOTTOM OF THE 8TH
San Diego Smashers batting - Pitching for Menlo Maniacs : RHP Raúl Vallejo
Now in LF: Byron Bracy
Batting: LHB John White 0-0: Ball
1-0: Called Strike
1-1: Ball
2-1: Foul Ball, location: 2F
2-2: Fly out, F8 (Flyball, 8LM)
Pitching: LHP Marc Sizemore
Batting: LHB Steven Smith 0-0: Ball
1-0: Called Strike
1-1: Called Strike
1-2: Fly out, F6 (Flyball, 56D)
Batting: RHB Gerald Davis 0-0: Called Strike
0-1: Ground out 5-3 (Groundball, 56S)
Bottom of the 8th over - 0 runs, 0 hits, 0 errors, 0 left on base; Menlo 12 - San Diego 1
TOP OF THE 9TH
Menlo Maniacs batting - Pitching for San Diego Smashers : LHP Nesto Pérez
Batting: RHB Currito Campos 0-0: SINGLE (Line Drive, 78S)
Batting: LHB Ken Smith 0-0: Swinging Strike
0-1: Fielders Choice at 2nd, 3-6 (Groundball, 34)
Batting: LHB Derrek Robinson 0-0: Ball
1-0: Foul Ball, location: 2F
1-1: Fly out, F8 (Flyball, 8LD)
Batting: RHB Ian Howard 0-0: Ball
1-0: Ball
2-0: Ball
3-0: Called Strike
3-1: Base on Balls
Ken Smith to second
Pinch Hitting: RHB Clinton Barton 0-0: Ball
1-0: Ball
2-0: Called Strike
2-1: Ball
3-1: Base on Balls
Ken Smith to third
Ian Howard to second
Batting: RHB Byron Bracy 0-0: Ball
1-0: Called Strike
1-1: Ball
2-1: Swinging Strike
2-2: Foul Ball, location: 2F
2-2: SINGLE (Groundball, 6D)
Ken Smith scores
Ian Howard to third
Clinton Barton to second
Runner from 3rd tries for Home, SAFE, no throw
Pitching: RHP Norberto Deleón
Batting: LHB Bob Campbell 0-0: Ball
1-0: Swinging Strike
1-1: Fielders Choice at 2nd, 6-4 (Groundball, 6)
Top of the 9th over - 2 runs, 2 hits, 0 errors, 2 left on base; Menlo 14 - San Diego 1
BOTTOM OF THE 9TH
San Diego Smashers batting - Pitching for Menlo Maniacs : LHP Marc Sizemore
Now at 1B: William Rogers
Now in LF: Clinton Barton
Batting: RHB Ray Rogers 0-0: Ball
1-0: Foul Ball, location: 2F
1-1: Ball
2-1: Ball
3-1: Fly out, F8 (Flyball, 8RD)
Batting: SHB Michael Aisher 0-0: Ball
1-0: Ball
2-0: Called Strike
2-1: Foul Ball, location: 2F
2-2: Ball
3-2: Strikes out swinging, 2-3 out at first.
Batting: LHB Nick Hill 0-0: Called Strike
0-1: Ball
1-1: Foul Ball, location: 2F
1-2: Foul Ball, location: 2F
1-2: Foul Ball, location: 2F
1-2: Foul Ball, location: 2F
1-2: SOLO HOME RUN (Flyball, 7D), Distance : 356 ft
Pinch Hitting: RHB Ron Garrett 0-0: Called Strike
0-1: Ball
1-1: Ball
2-1: Ball
3-1: SOLO HOME RUN (Flyball, 9D), Distance : 391 ft
Batting: LHB Dale Miller 0-0: Fly out, F7 (Flyball, 7S)
Bottom of the 9th over - 2 runs, 2 hits, 0 errors, 0 left on base; Menlo 14 - San Diego 3
Saturday, December 16th, 2017 - OOTP Baseball 18.8 Build 76